 Dungeon Crawl Stone Soup version 0.30.1-4-g462c640d31 (webtiles) character file.

Game seed: 6578138770763317205

8355 booth the Cleaver (level 11, -2/95 HPs)
             Began as a Hill Orc Fighter on Sept 7, 2023.
             Was a Believer of Beogh.
             Slain by a five-headed hydra (9 damage)
             ... on level 10 of the Dungeon on Sept 9, 2023.
             The game lasted 01:04:48 (12834 turns).

booth the Cleaver (Hill Orc Fighter)               Turns: 12834, Time: 01:04:48

Health: -2/95      AC: 16    Str: 21    XL:     11   Next: 29%
Magic:  15/15      EV:  8    Int: 14    God:    Beogh [**....]
Gold:   588        SH: 11    Dex: 15    Spells: 10/10 levels left

rFire   + . .        p - +1 flail (heavy)
rCold   + + .        c - +0 buckler
rNeg    . . .        H - +0 chain mail {rC+}
rPois   .            w - +0 helmet
rElec   .            x - scarf {rC+ rF+}
rCorr   .            D - +1 pair of gloves
SInv    .            b - +1 pair of boots
Will    +....        k - amulet of reflection Stlth
                     u - +6 ring of dexterity
HPRegen 0.35/turn    r - ring of willpower
MPRegen 0.14/turn

%: reflection
@: spiked
A: clever 1, wild magic 1
a: Renounce Religion, Smiting


You were on level 10 of the Dungeon.
You worshipped Beogh.
Beogh was pleased with you.
You visited 1 branch of the dungeon, and saw 10 of its levels.
You also visited: Sewer.

You collected 588 gold pieces.

Inventory:

Hand Weapons
 a - a +1 war axe of protection
 p - a +1 heavy flail (weapon)
 q - a +2 great mace of protection
 F - a +2 flail of freezing
Missiles
 g - 45 poisoned darts (quivered)
 h - 5 silver javelins
 i - 3 silver boomerangs
 o - 8 boomerangs
 z - 5 javelins
 I - 2 curare-tipped darts
Armour
 b - a +1 pair of boots (worn)
 c - a +0 buckler (worn)
 w - a +0 helmet (worn)
 x - a scarf of resistance (worn)
 D - a +1 pair of gloves (worn)
 H - a +0 chain mail of cold resistance (worn)
Jewellery
 k - an amulet of reflection (around neck)
 r - a ring of willpower (right hand)
 u - a +6 ring of dexterity (left hand)
 v - an amulet of faith
Wands
 E - a wand of paralysis (10)
Scrolls
 m - 3 scrolls of poison
 t - 2 scrolls of teleportation
 y - a scroll of fog
 B - a scroll of amnesia
 C - a scroll of brand weapon
Potions
 d - a potion of might
 e - 2 potions of ambrosia
 f - 3 potions of haste
 j - 2 potions of cancellation
 l - 3 potions of flight
 A - a potion of brilliance


   Skills:
 + Level 8.5 Fighting
 * Level 12.0(12.9) Axes
 + Level 6.6(9.3) Maces & Flails
 + Level 5.4 Throwing
 + Level 7.6 Armour
 + Level 7.7 Shields
 + Level 5.7 Invocations


You had 10 spell levels left.
You didn't know any spells.
Your spell library contained the following spells:

 Spells                   Type           Power      Damage    Failure   Level
 Shock                    Conj/Air       0%         1d3       93%         1
 Slow                     Hex            0%         N/A       93%         1
 Summon Small Mammal      Summ           0%         N/A       93%         1
 Call Canine Familiar     Summ           0%         N/A       100%        3
 Confusing Touch          Hex            0%         N/A       100%        3
 Gell's Gravitas          Tloc           0%         N/A       100%        3
 Inner Flame              Hex/Fire       0%         N/A       100%        3
 Summon Guardian Golem    Hex/Summ       0%         N/A       100%        3
 Swiftness                Air            0%         N/A       100%        3
 Teleport Other           Tloc           0%         N/A       100%        3
 Vampiric Draining        Necr           0%         2d6       100%        3
 Airstrike                Air            0%         2d(0-16)  100%        4
 Flame Wave               Conj/Fire      0%         2d4       100%        4
 Leda's Liquefaction      Hex/Erth       0%         N/A       100%        4
 Sticky Flame             Conj/Fire      0%         2d3       100%        4
 Summon Ice Beast         Ice/Summ       0%         N/A       100%        4
 Summon Lightning Spire   Summ/Air       0%         N/A       100%        4
 Lee's Rapid Deconstruct  Erth           0%         3d4*      100%        5
 Summon Forest            Summ/Tloc      0%         N/A       100%        5
 Summon Mana Viper        Hex/Summ       0%         N/A       100%        5
 Dispersal                Tloc           0%         N/A       100%        6
 Statue Form              Tmut/Erth      0%         N/A       100%        6
 Summon Cactus Giant      Summ           0%         N/A       100%        6
 Monstrous Menagerie      Summ           0%         N/A       100%        7
 Storm Form               Tmut/Air       0%         N/A       100%        7
 Maxwell's Capacitive Co  Air            0%         ∞         100%        8


Dungeon Overview and Level Annotations

Branches:
Dungeon (10/15)            Temple (0/1) D:6           Sewer (visited)
   Lair: D:8-11         Orc: D:9-12

Altars:
Ashenzari
Elyvilon
Gozag
Makhleb
Okawaru
Qazlal
Uskayaw

Shops:
D:2 (   D:6 =

Annotations:
D:4 3 runed translucent doors, croobank's ghost, amateur DsIE
D:8 3 runed translucent doors, hypnoticbox30's ghost, novice MiBe


Innate Abilities, Weirdness & Mutations

Your mind is acute. (Int +4, Str/Dex -1)
Your spells are a little harder to cast, but a little more powerful.


Message History

The kobold demonologist hits you but does no damage.
The five-headed hydra bites you! The five-headed hydra bites you.
The five-headed hydra closely misses you.
You block the five-headed hydra's attack. x2
There is a stone staircase leading up, spattered with blood here.
You hit the five-headed hydra.
The five-headed hydra is lightly wounded.
You block the kobold demonologist's attack.
You block the five-headed hydra's attack. x2
The five-headed hydra bites you!
The five-headed hydra bites you but does no damage.
The five-headed hydra bites you!
The kobold demonologist mumbles some strange words.
You thump the five-headed hydra!
The five-headed hydra is moderately wounded.
The five-headed hydra closely misses you.
You block the five-headed hydra's attack.
The five-headed hydra bites you! The five-headed hydra bites you.
The five-headed hydra completely misses you.
The red devil hits you with a +0 trident!
* * * LOW HITPOINT WARNING * * *
Barbed spikes become lodged in your body.
The kobold demonologist mumbles some strange words.
The five-headed hydra bites you but does no damage.
You block the five-headed hydra's attack.
The five-headed hydra bites you!
* * * LOW HITPOINT WARNING * * *
The five-headed hydra bites you but does no damage.
The five-headed hydra bites you!
* * * LOW HITPOINT WARNING * * *
The barbs in your skin will harm you if you move.
Continue?
Okay, then.
Okay, then.
As you read the scroll of fear, it crumbles to dust.
You assume a fearsome visage.
The five-headed hydra resists with almost no effort.
The kobold demonologist looks frightened!
The red devil looks frightened!
The ice devil looks frightened!
The five-headed hydra bites you!
You die...

#.# #.##...# #.#
#......#.. #.#
#......#.. . #.#
#......#.. ... #.#
#......#..######...
#.####...<..#...4.......
#...........#.....K>....
#.####......#..D........
#.# #........4.@.$.....
#.# #...............###
#.# #.....##........#
#.# #.....#~........#.
#.# #....##~..........
#.# #....#~)).......#.#
#.# #...##~~#.......# .
#.# #...#~~##.......#
#.# ##...#~~#...####.#


You could see a five-headed hydra, an ice devil (summoned, fleeing), a kobold
demonologist (fleeing) and a red devil (summoned, fleeing).

Vanquished Creatures
  A two-headed ogre (D:7)
  4 skeletal warriors (D:9)
  Pikel (D:6)
  A kobold demonologist (D:9)
  A troll (D:8)
  A hornet (D:10)
  Grinder (D:6)
  4 yaks (D:9)
  2 wyverns
  An acid dragon (D:9)
  4 water moccasins
  An ice beast (D:7)
  An orc warrior (D:8)
  A sky beast (D:7)
  A centaur (D:8)
  A phantom (D:6)
  4 lemures
  5 kobold brigands
  5 bullfrogs
  A scorpion (D:5)
  8 wights
  4 killer bees (D:9)
  7 howler monkeys
  5 hounds
  A jelly (D:6)
  2 orc priests
  Crazy Yiuf (D:6)
  A sleepcap (D:4)
  4 iguanas (D:6)
  8 orc wizards
  Robin (D:3)
  11 adders
  6 river rats
  A shadow imp (D:8)
  2 white imps (D:8)
  3 ufetubi
  A worm (D:4)
  6 dart slugs
  28 orcs
  5 bats
  3 endoplasms
  4 giant cockroaches
  9 goblins
  11 hobgoblins
  4 jackals (Sewer)
  4 quokkas
  9 ball pythons
  14 frilled lizards
  12 kobolds
  6 rats
222 creatures vanquished.

Notes
Turn   | Place    | Note
-------+----------+-------------------------------------------
     0 | D:1      | booth the Hill Orc Fighter began the quest for the Orb.
     0 | D:1      | Reached XP level 1. HP: 19/19 MP: 1/1
    70 | D:1      | Reached XP level 2. HP: 24/27 MP: 2/2
   139 | D:1      | Reached skill level 3 in Axes
   913 | D:2      | Reached XP level 3. HP: 33/33 MP: 3/3
   934 | D:2      | Found Hohezxes's Antique Weapon Boutique.
  1320 | D:2      | Identified the orb of the Feral Mantidfly {guile, Contam
                  | Fly Dex+3}
  1349 | D:2      | Reached skill level 1 in Maces & Flails
  1360 | D:2      | Found a faded altar of an unknown god.
  1491 | D:2      | Reached XP level 4. HP: 28/40 MP: 4/4
  1883 | D:3      | Reached skill level 4 in Axes
  2100 | D:3      | Noticed Robin
  2117 | D:3      | Killed Robin
  2118 | D:3      | Reached skill level 1 in Throwing
  2158 | D:3      | Reached XP level 5. HP: 10/47 MP: 5/5
  2430 | D:3      | You fall into a shaft and drop 2 floors!
  2430 | D:5      | Entered Level 5 of the Dungeon
  2591 | D:4      | Found a glowing drain.
  2620 | Sewer    | Entered a sewer
  2636 | Sewer    | Reached XP level 6. HP: 53/53 MP: 6/6
  2703 | Sewer    | Reached skill level 5 in Axes
  3709 | D:3      | Found a burning altar of Makhleb.
  3715 | D:3      | Found a broken altar of Ashenzari.
  3993 | D:4      | Found a runed translucent gate.
  3993 | D:4      | Found a runed translucent gate.
  3994 | D:4      | Found a runed translucent gate.
  3994 | D:4      | Noticed croobank's ghost (amateur DsIE)
  4320 | D:4      | Reached XP level 7. HP: 54/60 MP: 7/7
  4425 | D:4      | Identified the +0 ring mail of the Shore {Will- Str+9 Dex-3
                  | SInv}
  4736 | D:4      | Gained mutation: You occasionally shout uncontrollably at
                  | your foes. [potion of mutation]
  4736 | D:4      | Gained mutation: You expend magic power (3 MP) to
                  | strengthen your wands. [potion of mutation]
  4736 | D:4      | Gained mutation: You occasionally lose the ability to drink
                  | potions when taking damage. [potion of mutation]
  4736 | D:4      | Gained mutation: Your flesh is heat resistant. (rF+)
                  | [potion of mutation]
  4897 | D:5      | Reached skill level 5 in Fighting
  4994 | D:5      | Became a worshipper of Beogh the Brigand
  5412 | D:6      | Noticed Pikel
  5499 | D:6      | Killed Pikel
  5500 | D:6      | Reached skill level 7 in Axes
  5500 | D:6      | Reached skill level 5 in Shields
  5500 | D:6      | Reached XP level 8. HP: 18/69 MP: 8/8
  5850 | D:6      | Reached skill level 5 in Armour
  6034 | D:6      | Noticed Grinder
  6055 | D:6      | Killed Grinder
  6089 | D:6      | Lost mutation: Your flesh is heat resistant. (rF+) [potion
                  | of mutation]
  6089 | D:6      | Lost mutation: You expend magic power (3 MP) to strengthen
                  | your wands. [potion of mutation]
  6089 | D:6      | Lost mutation: You occasionally shout uncontrollably at
                  | your foes. [potion of mutation]
  6089 | D:6      | Lost mutation: You occasionally lose the ability to drink
                  | potions when taking damage. [potion of mutation]
  6089 | D:6      | Gained mutation: Your spells are a little harder to cast,
                  | but a little more powerful. [potion of mutation]
  6089 | D:6      | Gained mutation: Your mind is acute. (Int +4, Str/Dex -1)
                  | [potion of mutation]
  6220 | D:6      | Found an iron altar of Okawaru.
  6241 | D:6      | Reached skill level 8 in Axes
  6511 | D:6      | Found Kaumow's Jewellery Emporium.
  6699 | D:6      | Reached XP level 9. HP: 75/75 MP: 9/9
  6775 | D:6      | Reached * piety under Beogh
  6937 | D:6      | Found a staircase to the Ecumenical Temple.
  7064 | D:6      | Found a runed translucent door.
  7065 | D:6      | Noticed Crazy Yiuf
  7159 | D:6      | Killed Crazy Yiuf
  7572 | D:7      | Reached skill level 1 in Invocations
  8115 | D:8      | Found a stormy altar of Qazlal.
  8135 | D:8      | Noticed a two-headed ogre
  8139 | D:7      | Reached skill level 9 in Axes
  8283 | D:7      | Killed a two-headed ogre
  8654 | D:8      | Reached skill level 5 in Maces & Flails
  8840 | D:8      | Reached ** piety under Beogh
  8923 | D:8      | Noticed a troll
  8937 | D:8      | Killed a troll
  8938 | D:8      | Reached skill level 10 in Axes
  8938 | D:8      | Reached XP level 10. HP: 61/86 MP: 12/12
  9456 | D:8      | Found a hide-covered altar of Uskayaw.
  9644 | D:8      | Found a runed translucent gate.
  9644 | D:8      | Found a runed translucent gate.
  9644 | D:8      | Found a runed translucent gate.
  9687 | D:8      | Found an opulent altar of Gozag.
  9692 | D:8      | Noticed a deep elf pyromancer
 10025 | D:8      | Noticed hypnoticbox30's ghost (novice MiBe)
 10371 | D:9      | Found a white marble altar of Elyvilon.
 10424 | D:9      | Noticed a skeletal warrior
 10509 | D:9      | Noticed a skeletal warrior
 10511 | D:9      | Noticed a skeletal warrior
 10542 | D:9      | Killed a skeletal warrior
 10543 | D:9      | Reached skill level 11 in Axes
 10768 | D:9      | Killed a skeletal warrior
 10769 | D:9      | Reached skill level 5 in Throwing
 10769 | D:9      | Reached skill level 5 in Invocations
 10888 | D:9      | Noticed a skeletal warrior
 11111 | D:9      | Reached XP level 11. HP: 94/94 MP: 14/14
 11387 | D:9      | Killed a skeletal warrior
 11934 | D:9      | Killed a skeletal warrior
 12165 | D:10     | Entered Level 10 of the Dungeon
 12587 | D:10     | Reached skill level 12 in Axes
 12655 | D:10     | Noticed a five-headed hydra
 12834 | D:10     | Slain by a five-headed hydra

Illustrated notes

Levels and vault maps discovered:
D:1:      mrwooster_arrival_arrow, layout_loops_corners, minmay_pentomino_z4
D:2:      layout_basic, serial_glass, glass_columns_b, glass_columns_a,
          feat_on_display, item_on_display_a,
          hellmonk_ecumenical_altar_inner_sanctum, serial_shops, shop,
          hangedman_abyss_or_decor_lesser_grid
D:3:      layout_loops_ring, minitemple, minmay_lizard_king, uniq_robin
D:4:      layout_basic, cheibrodos_sewer_entry_sluice, gammafunk_ghost_split
D:5:      layout_loops_ring
D:6:      layout_layer_cave, mainiacjoe_overflow_concentric_impassable,
          minmay_temple_entry_nine_rooms, serial_shops, nicolae_shop_peninsula,
          serial_glass, glass_columns_a, glass_columns_a,
          amcnicky_mini_corridor_feature, chequers_serial_rivers_micro_a,
          uniq_grinder, uniq_crazy_yiuf_cottage, uniq_pikel
D:7:      layout_loops_ring
D:8:      layout_layer_cave, mainiacjoe_overflow_alcove_1,
          nicolae_qazlal_scattered_showers, ebering_ghost_gozag,
          grunt_tough_drop
D:9:      layout_basic, lemuel_crystal_altar
D:10:     minmay_the_grid_square_5x5_3x3 [minmay_the_grid_square_5x5_inset,
          minmay_the_grid_square_5x5_two_walls_a,
          minmay_the_grid_square_5x5_hollow_slash,
          minmay_the_grid_square_5x5_shrine2,
          minmay_the_grid_square_5x5_megaprize_checkered,
          minmay_the_grid_square_5x5_fancy_junction,
          minmay_the_grid_square_5x5_checkered_sparse,
          minmay_the_grid_square_5x5_misaligned,
          minmay_the_grid_square_5x5_inner_v], layout_long_grid,
          due_lair_maze_entry_diamond, serial_rivers,
          chequers_serial_rivers_micro_e, chequers_serial_rivers_room_b,
          chequers_serial_rivers_large_b, chequers_serial_rivers_micro_c,
          chequers_serial_rivers_marsh, chequers_serial_rivers_micro_e,
          kennysheep_minor_cross

Skill      XL: |  1  2  3  4  5  6  7  8  9 10 11 |
---------------+----------------------------------+-----
Axes           | 3 4 5 7 8 10 11 12 | 12.0
Fighting       | 4 5 6 7 8 |  8.5
Maces & Flails | 1 2 3 4 5 6 |  6.6
Throwing       | 1 2 3 4 5 |  5.4
Shields        | 4 5 6 7 |  7.7
Armour         | 4 5 6 7 |  7.6
Invocations    | 3 5 |  5.7

Action                     |  1- 3 |  4- 6 |  7- 9 | 10-12 || total
---------------------------+-------+-------+-------+-------++-------
  Melee: War axe           |    76 |   234 |   324 |   298 ||   932
         Flail             |       |       |       |     5 ||     5
  Throw: Javelin           |       |     1 |       |     6 ||     7
         Dart              |       |       |    10 |     6 ||    16
         Boomerang         |       |       |     5 |     6 ||    11
 Invoke: Convert to Beogh  |       |       |     1 |       ||     1
         Smiting           |       |       |       |     1 ||     1
    Use: Scroll            |     4 |     6 |     8 |     7 ||    25
         Potion            |       |     3 |     4 |     4 ||    11
 Armour: Scale mail        |    37 |    75 |       |       ||   112
         Chain mail        |       |    45 |   234 |   131 ||   410
  Dodge: Dodged            |    41 |   114 |   124 |    86 ||   365
  Block: Buckler           |    10 |    63 |   100 |   142 ||   315
         Reflection        |       |       |       |     7 ||     7
